 Dungeon Crawl Stone Soup version 0.19-a0-811-gf4045fb (console) character file.

158 brucemayne the Chopper (level 5, -8/58 HPs)
             Began as a Vampire Berserker on June 28, 2016.
             Was a Follower of Trog.
             Shot with an arrow by a centaur (9 damage)
             ... on level 4 of the Dungeon.
             The game lasted 00:00:50 (185 turns).

brucemayne the Chopper (Vampire Berserker)           Turns: 185, Time: 00:00:51

Health: -8/58      AC:  2    Str: 22    XL:     5   Next: 16%
Magic:  5/5        EV: 12    Int:  9    God:    Trog [*.....]
Gold:   13         SH:  0    Dex: 14    Spells: 0 memorised, 4 levels left

rFire  . . .     SeeInvis +     a - +0 hand axe
rCold  . . .     Gourm    .     b - +0 animal skin
rNeg   + . .     Faith    .     (no shield)
rPois  .         Spirit   .     (no helmet)
rElec  .         Dismiss  .     (no cloak)
rCorr  .         Reflect  .     (no gloves)
SustAt .         Harm     .     (no boots)
MR     .....                    (no amulet)
Stlth  ..........               (no ring)
                                (no ring)

@: berserking (expiring), very quick, not resistant to hostile enchantments,
extremely unstealthy
A: fangs 3, see invisible, unbreathing
a: Bat Form, Berserk, Burn Spellbooks, Renounce Religion


You were on level 4 of the Dungeon.
You worshipped Trog.
Trog was aware of your devotion.
You were not thirsty.

You visited 1 branch of the dungeon, and saw 3 of its levels.

You collected 13 gold pieces.

Inventory:

Hand Weapons
 a - a +0 hand axe (weapon)
Armour
 b - a +0 animal skin (worn)
Scrolls
 f - a scroll of random uselessness {unknown}
 g - 2 scrolls of identify {unknown}
Potions
 c - 3 potions of blood
 d - a potion of curing {unknown}
 e - 2 potions of might {unknown}


   Skills:
 - Level 2.6 Fighting
 + Level 5.3 Axes
 - Level 1.5 Armour
 - Level 2.1 Dodging


You had 4 spell levels left.
You didn't know any spells.

Dungeon Overview and Level Annotations

Branches:
Dungeon (2/15)

Altars:
Zin


Innate Abilities, Weirdness & Mutations

You have razor-sharp teeth.
You have supernaturally acute eyesight. (SInv)
You can survive without breathing.


Message History

Unknown command.
The orc wizard closely misses you. The orc closely misses you.
Unknown command.
You hit the orc wizard. Your bite misses the orc wizard.
The orc wizard is lightly wounded.
You closely miss the orc.
The orc wizard points at you and mumbles some strange words.
The magic dart hits you!
* * * LOW HITPOINT WARNING * * *
The orc wizard misses you. The orc misses you.
You slash the orc wizard!
You kill the orc wizard!
Trog accepts your kill.
Trog appreciates your killing of a magic user.
You have reached level 5!
You feel agile.
You barely miss the orc wizard. You hit the orc.
The orc is almost dead.
The centaur shoots an arrow.
The arrow hits you!
You die...

##..#..#####
..........^##
............##
.............#
....c........#
.............#
......)o.....#
.....o.@.....#
......o)(....#
..<......(..##
.....#.....##
############


You could see a centaur, 2 orc wizards and an orc.

Vanquished Creatures
  Menkaure (D:4)
  An orc wizard (D:4)
  A dart slug (D:1)
  An orc (D:4)
  2 bats (D:1)
  2 goblins (D:1)
  A giant newt (D:2)
  A rat (D:1)
10 creatures vanquished.

Notes
Turn   | Place    | Note
--------------------------------------------------------------
     0 | D:1      | brucemayne the Vampire Berserker began the quest for the Orb.
     0 | D:1      | Reached XP level 1. HP: 17/17 MP: 1/1
    28 | D:1      | Reached skill level 3 in Axes
   127 | D:1      | Reached XP level 2. HP: 22/23 MP: 2/2
   156 | D:2      | Found a glowing silver altar of Zin.
   176 | D:2      | You fall through a shaft for 2 floors!
   176 | D:4      | Noticed Menkaure
   176 | D:4      | Noticed a centaur
   181 | D:4      | Killed Menkaure
   181 | D:4      | Reached skill level 5 in Axes
   181 | D:4      | Reached XP level 3. HP: 17/28 MP: 3/3
   181 | D:4      | Reached XP level 4. HP: 21/34 MP: 4/4
   184 | D:4      | HP: 1/51 [orc wizard/magic dart (5)]
   185 | D:4      | Reached XP level 5. HP: 1/39 MP: 5/5
   185 | D:4      | Shot with an arrow by a centaur

Vault maps used:
D:1:      saegor_arrival_simple_c
D:2:      zin_statuary, serial_glass, glass_columns_a, glass_columns_c,
          minmay_pentomino_p4
D:4:      first_bread, kennysheep_another_room, uniq_natasha,
          uniq_blork_the_orc, uniq_menkaure, uniq_sigmund

Skill      XL: |  1  2 |
---------------+-------+-----
Axes           | 3 5 |  5.3
Fighting       | |  2.6
Armour         | |  1.5
Dodging        | |  2.1

Action                   |  1- 3 |  4- 6 || total
-------------------------+-------+-------++-------
Melee: Hand axe          |    13 |     3 ||    16
Invok: Berserk           |     1 |       ||     1
Armor: Animal skin       |     4 |       ||     4
Dodge: Dodged            |    12 |     6 ||    18
